 Dungeon Crawl Stone Soup version 0.26-a0-307-g4e7fcc93f0 (webtiles) character file.

Game seed: 18375112527508684323

186173 Infinimo the Shatterer (level 17, -3/160 HPs)
             Began as a Minotaur Berserker on July 15, 2020.
             Was the Champion of Trog.
             Slain by an emperor scorpion (4 damage)
             ... on level 2 of the Spider Nest.
             The game lasted 00:40:43 (34875 turns).

Infinimo the Shatterer (Minotaur Berserker)        Turns: 34875, Time: 00:40:44

Health: -3/160     AC: 23    Str: 26    XL:     17   Next: 42%
Magic:  16/16      EV: 17    Int: 14    God:    Trog [******]
Gold:   2475       SH:  5    Dex: 16    Spells: 16/16 levels left

rFire    + + .     SeeInvis .   p - +12 dire flail of Extermination {vorpal, Int+6}
rCold    + . .     Faith    .   (shield currently unavailable)
rNeg     . . .     Spirit   .   H - +0 plate armour {rF+}
rPois    +         Reflect  +   J - +1 hat {MR+}
rElec    .         Harm     .   t - scarf {rC+ rF+}
rCorr    .                      M - +1 pair of gloves
MR       +++..                  A - +0 pair of boots
Stlth    ..........             n - amulet of reflection
HPRegen  0.36/turn              C - ring "Doneh Geedde" {Wiz rPois MR+ Str+3 Int+4}
MPRegen  0.15/turn              b - ring of poison resistance

@: lethally poisoned (-3 -> -21), berserk cooldown, slowed, very slow
A: retaliatory headbutt, horns 2
}: 1/15 runes: decaying
a: Berserk, Trog's Hand, Brothers in Arms, Renounce Religion


You were on level 2 of the Spider Nest.
You worshipped Trog.
Trog was exalted by your worship.
You visited 5 branches of the dungeon, and saw 29 of its levels.

You collected 2726 gold pieces.
You spent 251 gold pieces at shops.

Inventory:

Hand Weapons
 p - the +12 dire flail of Extermination (weapon) {vorpal, Int+6}
   (Trog gifted it to you on level 13 of the Dungeon)

   It inflicts extra damage upon your enemies.
   It affects your intelligence (+6).
Armour
 t - a scarf of resistance (worn)
 A - a +0 pair of boots (worn)
 H - a +0 plate armour of fire resistance (worn)
 J - a +1 hat of magic resistance (worn)
 M - a +1 pair of gloves (worn)
Jewellery
 b - a ring of poison resistance (right hand)
 n - an amulet of reflection (around neck)
 r - an uncursed ring of protection from cold
 B - an uncursed ring of resist corrosion
 C - the ring "Doneh Geedde" (left hand) {Wiz rPois MR+ Str+3 Int+4}
   (You found it on level 9 of the Dungeon)

   [ring of wizardry]

   It improves your spell success rate.
   It affects your strength (+3).
   It affects your intelligence (+4).
   It protects you from poison.
   It affects your resistance to hostile enchantments.
 K - an uncursed ring of positive energy
 N - an uncursed ring of magical power {unknown}
 O - the ring of Truth {Str+5 Slay+4, unknown}
   (You found it on level 1 of the Spider Nest)

   [ring of slaying]

   It affects your strength (+5).
   It affects your accuracy and damage with ranged weapons and melee attacks
   (+4).
Wands
 o - a wand of digging (12)
 v - a wand of disintegration (30)
 x - a wand of iceblast (17)
 G - a wand of clouds (5)
Scrolls
 a - 3 scrolls of blinking
 c - 7 scrolls of identify
 k - 6 scrolls of remove curse
 q - 5 scrolls of magic mapping
 u - 4 scrolls of enchant weapon
 y - 6 scrolls of fog
 E - 10 scrolls of teleportation
 F - 6 scrolls of enchant armour
 I - a scroll of fear
Potions
 d - 7 potions of haste
 e - 8 potions of stabbing
 f - 2 potions of invisibility
 g - 2 potions of degeneration
 h - 5 potions of might
 i - 4 potions of lignification
 j - 6 potions of curing
 l - 3 potions of magic
 m - a potion of berserk rage {unknown}
 s - 4 potions of resistance
 w - a potion of heal wounds
 z - 7 potions of ambrosia
 D - 10 potions of mutation
 L - a potion of cancellation


   Skills:
 + Level 16.8 Fighting
 * Level 22.1 Maces & Flails
 + Level 16.6 Armour
 + Level 15.4 Dodging


You had 16 spell levels left.
You didn't know any spells.
Your spell library was empty.

Dungeon Overview and Level Annotations

Branches:
Dungeon (15/15)            Temple (0/1) D:5            Lair (6/6) D:9
  Swamp (4/4) Lair:4       Spider (2/4) Lair:2        Slime (0/5) Lair:5
    Orc (2/2) D:10            Elf (0/3) Orc:2        Vaults (0/5) D:13
 Depths (0/5) D:15

Altars:
Cheibriados
Fedhas
Gozag
Hepliaklqana
Makhleb
Nemelex Xobeh
Okawaru
Qazlal
Ru
Trog
Wu Jian
Xom
The Shining One
Beogh
Lugonu

Shops:
D:11 *   Orc:2 (?(?


Innate Abilities, Weirdness & Mutations

You reflexively headbutt those who attack you in melee.
You have a pair of horns on your head.


Message History

The redback bites you!
* * * LOW HITPOINT WARNING * * *
Your stone giant hits the emperor scorpion but does no damage.
The jumping spider leaps! x2
You hear an angry hiss. x2
You feel much better.
You feel very sick. You furiously retaliate!
You headbutt the redback!
You kill the redback!
Trog accepts your kill. The redback bites you!
* * * LOW HITPOINT WARNING * * *
The wolf spider bites you!
* * * LOW HITPOINT WARNING * * *
The jumping spider leaps!
Your stone giant hits the emperor scorpion but does no damage.
The emperor scorpion stings you!
* * * LOW HITPOINT WARNING * * *
The emperor scorpion claws you.
You die...

.......#^.....# ##
#>.^#.......###
...#...#.........#
.....^†#°........
#.....#...s.#
#.!†○^....>.#
#..##†.†...##
#..?#Cs#s...#
.......s@<.^[#
...#.........##
.#^.#......#.##
..........###
##########


You could see an emperor scorpion, a wolf spider, a jumping spider, a redback
and a friendly stone giant (summoned, berserk).

Vanquished Creatures
  the Lernaean hydra (Swamp:4)
  Nikola (Swamp:1)
  Gastronok (Lair:2)
  3 thorn hunters
  Roxanne (D:14)
  Louise (Swamp:4)
  A dire elephant (D:15)
  An ettin (Orc:1)
  A fire dragon (Lair:6)
  Josephine (D:10)
  18 hydras
  4 ghost crabs
  A vault guard (D:13)
  4 shambling mangroves
  Fannar (Lair:2)
  A rakshasa (D:14)
  2 death knights
  2 catoblepae
  4 centaur warriors
  11 alligators
  8 two-headed ogres
  A tengu warrior (D:12)
  6 death yaks (Lair:6)
  2 ogre magi (D:15)
  Urug (D:11)
  4 orc high priests (Orc:2)
  13 skeletal warriors
  5 unseen horrors
  2 lindwurms (Lair:6)
  11 swamp dragons
  2 orb spiders
  2 wizards
  4 deep elf magi
  A salamander (D:15)
  3 orc sorcerers
  6 wolf spiders
  8 manticores
  7 slime creatures
  15 ugly things
  3 cyclopes
  9 elephants
  Joseph (D:7)
  A torpor snail (Lair:5)
  A black mamba (Lair:2)
  2 gargoyles
  29 cane toads
  5 rime drakes
  6 komodo dragons
  4 demonic crawlers
  Maggie (D:10)
  An efreet (D:15)
  2 freezing wraiths (D:15)
  3 kobold demonologists (D:15)
  A tengu conjurer (D:12)
  4 trolls
  21 hornets
  3 meliai (Spider:1)
  A queen bee (Spider:1)
  15 jumping spiders
  A polar bear (Lair:2)
  Prince Ribbit (Lair:3)
  10 blink frogs
  6 tyrant leeches
  4 bog bodies
  16 hippogriffs
  2 dream sheep (Lair:6)
  23 redbacks
  Sigmund (D:2)
  7 spriggans
  5 shadows
  A tarantella (shapeshifter) (D:15)
  9 wraiths
  28 yaks
  7 tarantellas
  Grum (D:10)
  A yak (shapeshifter) (D:15)
  3 basilisks
  26 vampire mosquitoes
  3 steam dragons
  2 wargs (Orc:1)
  14 swamp worms
  4 small abominations (D:9)
  An acid dragon (D:14)
  15 water moccasins
  7 sky beasts
  2 black bears
  10 porcupines
  22 swamp drakes
  An eye of draining (D:15)
  27 orc warriors
  3 ice beasts
  A necrophage (D:7)
  A phantom (D:8)
  12 ogres
  15 centaurs
  13 wolves
  11 crocodiles
  6 big kobolds
  12 bullfrogs
  3 scorpions
  15 wights
  35 killer bees
  A howler monkey (D:11)
  3 electric eels (D:10)
  A bullfrog zombie (D:12)
  4 centaur zombies
  2 quasits
  6 hounds
  8 jellies
  27 orc priests
  3 centaur skeletons
  7 iguanas
  32 orc wizards
  Natasha (thrice) (D:2)
  12 worker ants
  2 killer bee zombies
  A hound zombie (D:5)
  3 hound skeletons (D:4)
  A mummy (D:6)
  A howler monkey zombie (D:8)
  10 gnolls
  12 adders
  3 white imps
  2 oozes (Lair:5)
  2 adder skeletons
  4 worms
  The ghost of fly the Sneak, a weakling FoDe (D:6)
  A dart slug (D:1)
  5 leopard geckos
  86 orcs
  6 bats
  A giant cockroach (D:4)
  5 hobgoblins
  12 jackals
  2 quokkas
  4 frilled lizards
  9 goblins
  A jackal skeleton (D:5)
  25 kobolds
  A quokka skeleton (D:8)
  7 rats
  4 briar patches
981 creatures vanquished.

Vanquished Creatures (collateral kills)
  A redback (Spider:2)
1 creature vanquished.

Vanquished Creatures (others)
  A rime drake (Swamp:4)
  An orc (D:10)
  A kobold (D:15)
  6 fungi
  A plant (Lair:6)
10 creatures vanquished.

Grand Total: 992 creatures vanquished

Notes
Turn   | Place    | Note
-------+----------+-------------------------------------------
     0 | D:1      | Infinimo the Minotaur Berserker began the quest for the
                  | Orb.
     0 | D:1      | Reached XP level 1. HP: 19/19 MP: 0/0
   321 | D:1      | Reached XP level 2. HP: 27/27 MP: 1/1
   325 | D:1      | Reached skill level 4 in Maces & Flails
   753 | D:2      | Found a stormy altar of Qazlal.
  1014 | D:2      | Noticed Natasha
  1020 | D:2      | Killed Natasha
  1020 | D:2      | Reached ** piety under Trog
  1020 | D:2      | Reached XP level 3. HP: 33/33 MP: 2/2
  1153 | D:2      | Reached XP level 4. HP: 40/40 MP: 3/3
  1158 | D:2      | Found a burning altar of Makhleb.
  1167 | D:2      | Noticed Sigmund
  1172 | D:2      | Killed Sigmund
  1172 | D:2      | Reached skill level 5 in Maces & Flails
  1172 | D:2      | Reached XP level 5. HP: 47/47 MP: 4/4
  1228 | D:2      | Noticed Natasha
  1235 | D:2      | Killed Natasha
  1327 | D:2      | Noticed Natasha
  1334 | D:2      | Killed Natasha
  1334 | D:2      | Reached XP level 6. HP: 55/55 MP: 5/5
  1349 | D:2      | Found an ornate altar of the Wu Jian Council.
  1453 | D:3      | Found a shimmering altar of Xom.
  1494 | D:3      | Reached skill level 6 in Maces & Flails
  1533 | D:3      | Found a hazy altar of Hepliaklqana.
  1536 | D:3      | Reached skill level 5 in Fighting
  2232 | D:4      | Found an iron altar of Okawaru.
  2300 | D:4      | Found a sacrificial altar of Ru.
  2499 | D:4      | Reached XP level 7. HP: 49/61 MP: 6/6
  2701 | D:4      | Reached skill level 7 in Maces & Flails
  2756 | D:4      | Reached *** piety under Trog
  2926 | D:4      | Reached skill level 5 in Armour
  3271 | D:5      | Entered Level 5 of the Dungeon
  3487 | D:5      | Found a sparkling altar of Nemelex Xobeh.
  3505 | D:5      | Found a glowing golden altar of the Shining One.
  3788 | D:5      | Found a staircase to the Ecumenical Temple.
  3999 | D:6      | Reached XP level 8. HP: 70/70 MP: 7/7
  4004 | D:6      | Reached skill level 8 in Maces & Flails
  4004 | D:6      | Reached skill level 5 in Dodging
  4135 | D:6      | Reached **** piety under Trog
  4423 | D:6      | Reached skill level 9 in Maces & Flails
  4564 | D:6      | Noticed fly's ghost (weakling FoDe)
  4571 | D:6      | Found a runed translucent door.
  4585 | D:6      | Noticed a moth of wrath
  4588 | D:6      | Found a bloodstained altar of Trog.
  4642 | D:6      | Found a snail-covered altar of Cheibriados.
  4959 | D:6      | Killed fly's ghost
  4996 | D:7      | Noticed Joseph
  5024 | D:7      | Killed Joseph
  5024 | D:7      | Reached XP level 9. HP: 57/79 MP: 8/8
  5248 | D:7      | Reached skill level 10 in Maces & Flails
  5540 | D:7      | Found an opulent altar of Gozag.
  6696 | D:8      | Reached ***** piety under Trog
  6781 | D:9      | Reached skill level 11 in Maces & Flails
  6855 | D:9      | Found a staircase to the Lair.
  6926 | D:9      | Noticed a troll
  6932 | D:9      | Killed a troll
  6979 | D:9      | Found a sparkling altar of Nemelex Xobeh.
  7240 | D:9      | Noticed a cyan ugly thing
  7241 | D:9      | Noticed a cyan ugly thing
  7242 | D:9      | Found a transporter.
  7243 | D:9      | Noticed a green ugly thing
  7244 | D:9      | Found a corrupted altar of Lugonu.
  7341 | D:9      | Found a blossoming altar of Fedhas.
  7341 | D:9      | Noticed a deep elf mage
  7347 | D:9      | Killed a deep elf mage
  7347 | D:9      | Reached XP level 10. HP: 87/89 MP: 9/9
  7482 | D:9      | Found a transporter.
  7662 | D:9      | Killed a white ugly thing
  7671 | D:9      | Killed a green ugly thing
  7678 | D:9      | Killed an unseen horror
  7678 | D:9      | Reached skill level 12 in Maces & Flails
  7851 | D:9      | Killed a cyan ugly thing
  7961 | D:9      | Got a slimy brass ring
  7993 | D:10     | Entered Level 10 of the Dungeon
  7993 | D:10     | Noticed Josephine
  8012 | D:10     | Killed Josephine
  8025 | D:9      | Reached XP level 11. HP: 41/99 MP: 10/10
  8238 | D:9      | Reached skill level 13 in Maces & Flails
  8332 | D:10     | Noticed Maggie
  8390 | D:9      | Reached skill level 10 in Fighting
  8546 | D:10     | Killed Maggie
  8959 | D:10     | Noticed a green ugly thing
  8979 | D:10     | Killed a green ugly thing
  8980 | D:10     | Received a gift from Trog
  8993 | D:10     | Got a steaming dire flail {god gift}
  8994 | D:10     | Identified the +2 dire flail "Ureradghy" {antimagic, rElec}
                  | (Trog gifted it to you on level 10 of the Dungeon)
  9002 | D:10     | Identified the ring "Doneh Geedde" {Wiz rPois MR+ Str+3
                  | Int+4} (You found it on level 9 of the Dungeon)
  9201 | D:10     | Reached skill level 10 in Armour
  9304 | D:10     | Noticed Grum
  9311 | D:10     | Killed Grum
  9524 | D:10     | Found a staircase to the Orcish Mines.
  9865 | D:11     | Noticed Urug
  9866 | D:11     | Found Ycucrue's General Store.
  9866 | D:11     | Noticed a cyan ugly thing
  9872 | D:11     | Killed Urug
 10311 | D:11     | Killed an unseen horror
 10311 | D:11     | Reached skill level 14 in Maces & Flails
 10647 | D:11     | Killed a cyan ugly thing
 10851 | D:11     | Noticed a deep elf mage
 10860 | D:11     | Killed a deep elf mage
 10950 | D:11     | Bought a potion of heal wounds for 55 gold pieces
 11309 | D:12     | Noticed a skeletal warrior
 11310 | D:12     | Noticed a skeletal warrior
 11311 | D:12     | Noticed a skeletal warrior
 11312 | D:12     | Noticed a skeletal warrior
 11312 | D:12     | Noticed a skeletal warrior
 11318 | D:12     | Killed a skeletal warrior
 11329 | D:12     | Killed a skeletal warrior
 11329 | D:12     | Reached XP level 12. HP: 110/110 MP: 3/11
 11332 | D:12     | Reached skill level 10 in Dodging
 11677 | D:12     | Noticed a tengu warrior
 11696 | D:12     | Killed a tengu warrior
 11696 | D:12     | Reached skill level 15 in Maces & Flails
 11732 | D:12     | Reached ****** piety under Trog
 13222 | D:13     | Noticed a two-headed ogre
 13226 | D:13     | Killed a two-headed ogre
 13565 | D:13     | Reached skill level 16 in Maces & Flails
 13903 | D:13     | Noticed a catoblepas
 13909 | D:13     | Noticed a death knight
 13909 | D:13     | Noticed a vault guard
 13910 | D:13     | Noticed a centaur warrior
 14326 | Lair:1   | Entered Level 1 of the Lair of Beasts
 14409 | Lair:1   | Received a gift from Trog
 14413 | Lair:1   | Reached XP level 13. HP: 118/118 MP: 4/12
 15446 | Lair:2   | Noticed Gastronok
 15460 | Lair:2   | Killed Gastronok
 15621 | Lair:2   | Found a hole to the Spider Nest.
 15631 | Lair:2   | Noticed Fannar
 15654 | Lair:2   | Killed Fannar
 16597 | Lair:3   | Noticed Prince Ribbit
 16609 | Lair:3   | Killed Prince Ribbit
 17228 | Lair:4   | Reached skill level 17 in Maces & Flails
 17764 | Lair:4   | Found a staircase to the Swamp.
 17805 | Lair:4   | Got a vibrating jade ring
 17963 | Lair:5   | Found a staircase to the Slime Pits.
 18229 | Lair:5   | Received a gift from Trog
 18878 | Lair:6   | Entered Level 6 of the Lair of Beasts
 18891 | Lair:6   | Reached XP level 14. HP: 129/129 MP: 4/13
 19528 | Lair:6   | Reached skill level 18 in Maces & Flails
 19916 | Lair:6   | Received a gift from Trog
 21415 | Orc:1    | Entered Level 1 of the Orcish Mines
 21592 | Orc:2    | Entered Level 2 of the Orcish Mines
 21655 | Orc:2    | Found a staircase to the Elven Halls.
 21659 | Orc:2    | Found a roughly hewn altar of Beogh.
 21894 | Orc:2    | Received a gift from Trog
 22428 | Orc:2    | Found Teirew's Magic Scroll Shoppe.
 22505 | Orc:2    | Found Cissafokk's Antique Weapon Shoppe.
 22537 | Orc:2    | Found Watt's Weapon Emporium.
 22547 | Orc:2    | Found Cyoseus's Magic Scroll Emporium.
 22579 | Orc:2    | Bought a scroll of teleportation for 42 gold pieces
 22579 | Orc:2    | Bought a scroll of enchant armour for 105 gold pieces
 22579 | Orc:2    | Bought a scroll of magic mapping for 49 gold pieces
 22809 | Orc:1    | Reached skill level 19 in Maces & Flails
 23062 | D:10     | Identified the cursed ring of the Curious Souls {+Inv Int-4
                  | Stlth+} (You found it on level 4 of the Lair of Beasts)
 23063 | D:10     | Lost intelligence.
 23386 | D:13     | Reached XP level 15. HP: 126/139 MP: 14/14
 23502 | D:13     | Found a gate to the Vaults.
 23738 | D:13     | Received a gift from Trog
 23741 | D:13     | Got a faintly glowing dire flail {god gift}
 23742 | D:13     | Identified the +12 dire flail of Extermination {vorpal,
                  | Int+6} (Trog gifted it to you on level 13 of the Dungeon)
 24509 | D:14     | Noticed Roxanne
 24525 | D:14     | Killed Roxanne
 25240 | D:15     | Entered Level 15 of the Dungeon
 25692 | D:15     | Reached skill level 15 in Fighting
 25780 | D:15     | Received a gift from Trog
 25862 | D:15     | Found a staircase to the Depths.
 25876 | D:15     | Reached skill level 20 in Maces & Flails
 25878 | D:15     | Reached skill level 15 in Armour
 27241 | Swamp:1  | Entered Level 1 of the Swamp
 27325 | Swamp:1  | Reached XP level 16. HP: 55/149 MP: 15/15
 28196 | Swamp:1  | Noticed a thorn hunter
 28215 | Swamp:1  | Killed a thorn hunter
 28309 | Swamp:1  | Noticed Nikola
 28319 | Swamp:1  | Killed Nikola
 28319 | Swamp:1  | Received a gift from Trog
 28787 | Swamp:2  | Noticed a thorn hunter
 28794 | Swamp:2  | Killed a thorn hunter
 29853 | Swamp:3  | Found an iron altar of Okawaru.
 30001 | Swamp:3  | Noticed a thorn hunter
 30567 | Swamp:3  | Killed a thorn hunter
 30567 | Swamp:3  | Reached skill level 21 in Maces & Flails
 31092 | Swamp:4  | Entered Level 4 of the Swamp
 31434 | Swamp:4  | Noticed the 27-headed Lernaean hydra
 31767 | Swamp:4  | Killed the 27-headed Lernaean hydra
 31845 | Swamp:4  | Received a gift from Trog
 31845 | Swamp:4  | Reached skill level 15 in Dodging
 31983 | Swamp:4  | Reached XP level 17. HP: 104/159 MP: 16/16
 32300 | Swamp:4  | Got a decaying rune of Zot
 32389 | Swamp:4  | Noticed Louise
 32400 | Swamp:4  | Killed Louise
 33744 | Spider:1 | Entered Level 1 of the Spider Nest
 33936 | Spider:1 | Reached skill level 22 in Maces & Flails
 34227 | Spider:1 | Received a gift from Trog
 34357 | Spider:1 | Got a wavering marble ring
 34874 | Spider:2 | HP: 4/160 [redback (11)]
 34875 | Spider:2 | HP: 1/160 [emperor scorpion (7)]
 34875 | Spider:2 | Slain by an emperor scorpion

Illustrated notes

Levels and vault maps discovered:
D:1:      dpeg_arrival_rhombi, layout_basic
D:2:      layout_rooms, lemuel_doored_altar, lemuel_crystal_altar,
          lemuel_coloured_pillars_altar, uniq_natasha, uniq_sigmund
D:3:      layout_rooms, nicolae_overflow_crystal_walls, lemuel_crystal_altar,
          serial_co_window_serial, co_window_paths_a,
          co_window_of_opportunity_a, co_window_paths_b, co_window_corner_a,
          co_window_paths_a, co_window_corner_cb, co_window_corner_ca,
          co_window_2corner, glass_columns_a, glass_columns_b, glass_columns_c,
          glass_columns_b, glass_columns_a
D:4:      layout_cave_pods, hangedman_ru_absence, serial_column_ruins,
          column_ruins_hut_pillars, column_ruins_grid_1,
          column_ruins_open_medium, column_ruins_grid_1, column_ruins_columns_T,
          column_ruins_grid_1, column_ruins_open_medium, grunt_ministairs_3,
          okawaru_trees_2
D:5:      layout_loops_cross, kennysheep_mini_moat, temple_statues,
          hangedman_decor_growths, nemelex_diamond_rough_becter
D:6:      layout_basic, tgw_trog, slow_altar_2, hellmonk_ghost_happy_afterlife
D:7:      layout_cave_pods, kennysheep_small_spiral, grunt_gozag_breadcrumbs,
          uniq_joseph
D:8:      layout_rooms
D:9:      gammafunk_corrupted_shrine, layout_cave_pods, dpeg_oklobed_lair,
          basic_altar, david_defended_altar_elf
D:10:     layout_loops_cross, erik_orc_2, serial_park_tiny_2, uniq_josephine,
          uniq_grum, uniq_maggie
D:11:     layout_loops_ring, kennysheep_windowed_goal, uniq_urug
D:12:     layout_cave_pools, serial_co_window_serial, co_window_paths_a,
          co_window_paths_b, co_window_of_opportunity_a, co_window_paths_a,
          co_window_cross_1, co_window_paths_a, co_window_corner_a,
          co_window_corner_cb, co_window_of_opportunity_b, co_window_corner_b,
          co_window_2corner, co_window_paths_e, co_window_4corner_b,
          glass_columns_b
D:13:     layout_loops_corners, david_vaults_5
D:14:     layout_irregular_city, infiniplex_staircase_zigzag_3, uniq_roxanne
D:15:     hangedman_depths_entry_try_elsewhere_first, layout_small_grid
Lair:1:   layout_chaotic_city
Lair:2:   layout_cave_pods, spider_nest_entry_web_field, uniq_gastronok,
          uniq_fannar
Lair:3:   layout_regular_city, serial_bayou_shore_b, uniq_prince_ribbit2
Lair:4:   layout_concentric_octagons, minmay_swamp_entry_worms,
          lemuel_fruit_tree
Lair:5:   layout_cave_shapes, nicolae_slime_entry_slimehenge, grunt_megastairs_2
Lair:6:   guppyfry_lair_end_dragon, layout_hall_layers, hangedman_lair_in_review
Swamp:1:  layout_falls_marsh, evilmike_swamp_ruin_house_5, uniq_nikola
Swamp:2:  layout_basic_swamp, evilmike_swamp_ruin_wall
Swamp:3:  layout_falls_marsh, basic_altar, swamp_pool5
Swamp:4:  swamp_alternative, layout_basic_swamp, swamp_pool5, serial_swamp_ruin,
          evilmike_swamp_ruin_rubble_1, evilmike_swamp_ruin_rubble_2,
          evilmike_swamp_ruin_house_2, uniq_louise
Spider:1: nicolae_spider_mines_1, special_room [special_room_bee], drop_trap
Spider:2: layout_spider_delve, uniq_arachne
Orc:1:    layout_caves
Orc:2:    st_orc_mages, layout_caves, basic_altar

Skill      XL: |  1  2  3  4  5  6  7  8  9 10 11 12 13 14 15 16 17 |
---------------+----------------------------------------------------+-----
Maces & Flails | 4 5 6 7 9 11 12 14 16 17 19 20 21 22 | 22.1
Fighting       | 4 5 6 7 8 9 11 12 13 14 15 16 | 16.8
Armour         | 3 4 5 7 8 9 10 12 13 14 15 16 | 16.6
Dodging        | 3 4 6 7 8 9 11 12 13 14 15 | 15.4

Action                   |  1- 3 |  4- 6 |  7- 9 | 10-12 | 13-15 | 16-18 || total
-------------------------+-------+-------+-------+-------+-------+-------++-------
Melee: Mace              |    56 |   114 |    40 |       |       |       ||   210
       Headbutt          |     5 |    17 |    68 |   129 |   299 |   154 ||   672
       Flail             |       |       |   274 |   186 |       |       ||   460
       Dire flail        |       |       |       |   445 |   861 |   609 ||  1915
       Great mace        |       |       |       |       |   293 |       ||   293
Invok: Berserk           |     1 |     6 |    17 |    11 |    23 |    10 ||    68
       Brothers in Arms  |       |       |       |       |       |     1 ||     1
Evoke: Wand              |       |       |       |     2 |       |       ||     2
  Use: Scroll            |     1 |       |    13 |     8 |     9 |     3 ||    34
       Potion            |       |       |       |     5 |       |     5 ||    10
 Stab: Invisible         |       |       |       |     2 |       |       ||     2
       Confused          |       |       |       |       |     2 |     1 ||     3
Armor: Chain mail        |    32 |    57 |    54 |       |       |       ||   143
       Plate armour      |       |       |    77 |   253 |   352 |   376 ||  1058
Dodge: Dodged            |    24 |    41 |   145 |   264 |   505 |   532 ||  1511
Block: Other             |     4 |    24 |    57 |   117 |   198 |   148 ||   548
       Reflection        |       |       |     1 |     8 |    17 |     3 ||    29

Table legend:
 A = Non-vault XP
 B = Vault XP
 C = Vault XP percentage of total XP
 D = Non-vault monster count
 E = Vault monster count
 F = Vault count percentage of total count
                 A         B        C        D         E       F
            +---------+---------+-------+---------+---------+-------
      Total |  166687 |   80704 |  32.6 |     752 |     227 |  23.2
            +---------+---------+-------+---------+---------+-------
        D:1 |      23 |       0 |   0.0 |      11 |       0 |   0.0
        D:2 |     125 |     255 |  67.1 |      16 |       2 |  11.1
        D:3 |      97 |       0 |   0.0 |      24 |       0 |   0.0
        D:4 |     503 |      41 |   7.5 |      27 |       3 |  10.0
        D:5 |     252 |       0 |   0.0 |      15 |       0 |   0.0
        D:6 |    1423 |      27 |   1.9 |      31 |       7 |  18.4
        D:7 |     314 |     466 |  59.7 |      11 |       1 |   8.3
        D:8 |    1155 |       0 |   0.0 |      30 |       0 |   0.0
        D:9 |    1450 |    3609 |  71.3 |      17 |      10 |  37.0
       D:10 |    2281 |    3452 |  60.2 |      36 |      30 |  45.5
       D:11 |    2904 |    1620 |  35.8 |      30 |       4 |  11.8
       D:12 |   10293 |       0 |   0.0 |      40 |       0 |   0.0
       D:13 |    6469 |    8243 |  56.0 |      16 |      12 |  42.9
       D:14 |   13001 |    1816 |  12.3 |      71 |       1 |   1.4
       D:15 |   22972 |    2830 |  11.0 |      45 |       4 |   8.2
     Lair:1 |    3111 |       0 |   0.0 |      13 |       0 |   0.0
     Lair:2 |    3465 |    3334 |  49.0 |      15 |       2 |  11.8
     Lair:3 |    3733 |     783 |  17.3 |      15 |       3 |  16.7
     Lair:4 |    5603 |     332 |   5.6 |      19 |       2 |   9.5
     Lair:5 |    6906 |     144 |   2.0 |      22 |       5 |  18.5
     Lair:6 |   11303 |   15335 |  57.6 |      40 |      34 |  45.9
    Swamp:1 |   12441 |    3808 |  23.4 |      33 |       1 |   2.9
    Swamp:2 |    8318 |       0 |   0.0 |      16 |       0 |   0.0
    Swamp:3 |   11537 |    1189 |   9.3 |      19 |       5 |  20.8
    Swamp:4 |   18329 |   23476 |  56.2 |      46 |      31 |  40.3
   Spider:1 |   10194 |    4436 |  30.3 |      36 |      32 |  47.1
   Spider:2 |    4074 |       0 |   0.0 |      14 |       0 |   0.0
      Orc:1 |    3648 |     164 |   4.3 |      23 |       2 |   8.0
      Orc:2 |     763 |    5344 |  87.5 |      21 |      36 |  63.2
            +---------+---------+-------+---------+---------+-------
